 Dungeon Crawl Stone Soup version 0.27-a0-1242-ge70438ac7b (webtiles) character file.

Game seed: 16110821497955295159

212 Glokmah the Sneak (level 5, 0/26 HPs)
             Began as a Spriggan Brigand on June 9, 2021.
             Slain by a water moccasin skeleton (7 damage)
             ... on level 4 of the Dungeon.
             The game lasted 00:08:40 (3815 turns).

Glokmah the Sneak (Spriggan Brigand)                Turns: 3815, Time: 00:08:41

Health: 0/26       AC:  4    Str:  7    XL:     5   Next: 58%
Magic:  6/6        EV: 18    Int: 12    God:
Gold:   98         SH:  0    Dex: 18    Spells: 4/4 levels left

rFire    . . .     SeeInvis +   a - +3 dagger
rCold    . . .     Faith    .   (shield restricted)
rNeg     . . .     Spirit   .   f - +0 robe
rPois    .         Reflect  .   (helmet restricted)
rElec    .         Harm     .   c - +1 cloak
rCorr    .         Rampage  .   (gloves unavailable)
Will     .....                  (boots unavailable)
Stlth    ++++......             (no amulet)
HPRegen  0.08/turn              (no ring)
MPRegen  0.10/turn              (no ring)

@: very quick
A: very small, no large weapons, unfitting armour, see invisible, speed 3
a: no special abilities


You were on level 4 of the Dungeon.
You visited 1 branch of the dungeon, and saw 4 of its levels.

You collected 98 gold pieces.

Inventory:

Hand Weapons
 a - a +3 dagger (weapon)
 b - a +0 hunting sling
 w - a +0 rapier
Missiles
 d - 10 poisoned darts (quivered)
 e - 2 curare-tipped darts
 g - 59 stones
 o - 2 datura-tipped darts
 p - 7 sling bullets
Armour
 c - a +1 cloak (worn)
 f - a +0 robe (worn)
Magical Staves
 h - a staff of air
Jewellery
 u - an amulet of the acrobat
Scrolls
 i - a scroll of teleportation
 r - a scroll of enchant weapon
Potions
 l - 2 potions of cancellation
 s - a potion of berserk rage {unknown}
 t - 2 potions of heal wounds {unknown}
 v - a potion of brilliance {unknown}
 x - a potion of curing {unknown}


   Skills:
 + Level 2.2 Fighting
 * Level 3.7 Short Blades
 * Level 3.0(3.5) Slings
 - Level 2.0(2.6) Throwing
 + Level 2.8 Dodging
 * Level 7.3 Stealth


You had 4 spell levels left.
You didn't know any spells.
Your spell library contained the following spells:

 Spells                   Type           Power      Damage    Failure   Level
 Summon Small Mammal      Summ           0%         N/A       32%         1
 Call Imp                 Summ           0%         N/A       45%         2
 Call Canine Familiar     Summ           0%         N/A       69%         3
 Summon Guardian Golem    Hex/Summ       0%         N/A       69%         3
 Summon Ice Beast         Ice/Summ       0%         N/A       97%         4
 Summon Lightning Spire   Summ/Air       0%         N/A       97%         4


Dungeon Overview and Level Annotations

Branches:
Dungeon (4/15)
 Temple: D:4-7

Altars:
Cheibriados
Nemelex Xobeh

Shops:
D:2 [


Innate Abilities, Weirdness & Mutations

You are very small and have problems with some larger weapons.
You are too small for most types of armour.
You have supernaturally acute eyesight. (SInv)
You cover ground extremely quickly. (Speed+++)


Message History

You kill the gnoll!
Fire: 62 stones
Press: ? - help, Q - select action, (/) - cycle Shift-Dir - straight line, f - water moccasin skeleton
Aim: a water moccasin skeleton (70% to hit)
You shoot a stone.
The stone hits the water moccasin skeleton.
The water moccasin skeleton is lightly damaged.
Fire: 61 stones
Press: ? - help, Q - select action, (/) - cycle Shift-Dir - straight line, f/p - water moccasin skeleton
Aim: a water moccasin skeleton (lightly damaged, 70% to hit)
You shoot a stone.
The stone hits the water moccasin skeleton.
The water moccasin skeleton is moderately damaged.
Fire: 60 stones
Press: ? - help, Q - select action, (/) - cycle Shift-Dir - straight line, f/p - water moccasin skeleton
Aim: a water moccasin skeleton (moderately damaged, 70% to hit)
You shoot a stone.
The stone barely misses the water moccasin skeleton.
The water moccasin skeleton completely misses you.
a - a +3 dagger (weapon)
You barely miss the water moccasin skeleton.
The water moccasin skeleton is moderately damaged.
The water moccasin skeleton bites you but does no damage.
You closely miss the water moccasin skeleton.
The water moccasin skeleton is moderately damaged.
The water moccasin skeleton completely misses you.
You hit the water moccasin skeleton.
The water moccasin skeleton is moderately damaged.
The water moccasin skeleton barely misses you.
You closely miss the water moccasin skeleton.
The water moccasin skeleton is moderately damaged.
The water moccasin skeleton bites you.
* * * LOW HITPOINT WARNING * * *
You hit the water moccasin skeleton but do no damage.
The water moccasin skeleton is moderately damaged.
The water moccasin skeleton barely misses you.
You hit the water moccasin skeleton.
The water moccasin skeleton is heavily damaged.
The water moccasin skeleton bites you!
You die...

.....>..## ##########.....
#.....#......######
........(....Zg)g.# #####
†............Z###.# #...#
..............# #(######...#
.†............# #.(Zg.<#...#
..............########.....#
................@Z.((.)....#
.............###########...#
......#.....## #...#
.############ #.÷.# .. #...#
## #...# #####


You could see a water moccasin skeleton.

Vanquished Creatures
  A hound (D:3)
  A centaur skeleton (D:4)
  7 gnolls
  2 adders
  A worm (D:3)
  2 dart slugs
  An orc (D:3)
  7 ball pythons
  3 endoplasms
  5 giant cockroaches
  7 hobgoblins
  4 jackals (D:1)
  4 quokkas
  4 bats
  A frilled lizard (D:2)
  3 goblins
  6 kobolds
  4 rats
63 creatures vanquished.

Notes
Turn   | Place    | Note
-------+----------+-------------------------------------------
     0 | D:1      | Glokmah the Spriggan Brigand began the quest for the Orb.
     0 | D:1      | Reached XP level 1. HP: 10/10 MP: 2/2
    93 | D:1      | Reached skill level 6 in Stealth
   247 | D:1      | Reached XP level 2. HP: 14/15 MP: 3/3
   625 | D:1      | Reached skill level 1 in Slings
  1034 | D:1      | Found a faded altar of an unknown god.
  1067 | D:1      | Reached XP level 3. HP: 17/18 MP: 4/4
  1382 | D:2      | Found Wineag's Armour Shoppe.
  2387 | D:3      | Reached XP level 4. HP: 23/23 MP: 5/5
  2455 | D:3      | Found a sparkling altar of Nemelex Xobeh.
  3062 | D:3      | Found a snail-covered altar of Cheibriados.
  3292 | D:4      | Reached skill level 7 in Stealth
  3352 | D:4      | Reached XP level 5. HP: 23/26 MP: 6/6
  3815 | D:4      | Slain by a water moccasin skeleton

Illustrated notes

Levels and vault maps discovered:
D:1:      psy_arrival_terrarium, layout_basic, basic_ecumenical_altar,
          minmay_crystal_water
D:2:      layout_rooms, serial_shops, shop, kennysheep_small_spiral
D:3:      layout_basic, chei_slow_surprise, nemelex_xobeh_ov_fountains_minmay,
          hangedman_abyss_or_decor_lesser_grid, lemuel_another_geyser
D:4:      layout_rooms, overflow_temple_1_default, minivault_19,
          serial_bayou_crossing

Skill      XL: |  1  2  3  4  5 |
---------------+----------------+-----
Stealth        | 6 7 |  7.3
Slings         | 1 2 3 |  3.0
Dodging        | 2 |  2.8
Short Blades   | 3 |  3.7
Fighting       | 2 |  2.2
Throwing       | |  2.0

Action                   |  1- 3 |  4- 6 || total
-------------------------+-------+-------++-------
Melee: Dagger            |   119 |    79 ||   198
 Fire: Hunting sling     |    38 |    21 ||    59
Throw: Dart              |    17 |    17 ||    34
  Use: Scroll            |       |     7 ||     7
 Stab: Sleeping          |     8 |     8 ||    16
Armor: Robe              |    20 |    13 ||    33
Dodge: Dodged            |    91 |    74 ||   165

Table legend: (Time is in decaauts)
 A = Elapsed time spent in this place.
 B = Non-inter-level travel time spent in this place.
 C = Inter-level travel time spent in this place.
 D = Time resting spent in this place.
 E = Time spent auto-exploring this place.
 F = Levels seen in this place.
 G = Mean time per level.
                   A        B        C        D        E       F      G
               +--------+--------+--------+--------+--------+-----+--------+
         Total |   2767 |   2603 |    164 |    413 |   1442 |   4 |  691.8 |
       Dungeon |   2767 |   2603 |    164 |    413 |   1442 |   4 |  691.8 |
               +--------+--------+--------+--------+--------+-----+--------+

Top non-repeatable levels by time:
     D:1: 1190 daAuts
     D:3: 959 daAuts
     D:2: 462 daAuts
     D:4: 155 daAuts
